 Dungeon Crawl Stone Soup version 0.31-a0-986-g5e6e4ef867 (webtiles) character file.

Game seed: 6209409660082170517

78 Dittersdorf the Trooper (level 4, -2/36 HPs)
             Began as a Human Fighter on Nov 7, 2023.
             Slain by an iguana (11 damage)
             ... on level 4 of the Dungeon.
             The game lasted 00:02:16 (2272 turns).

Dittersdorf the Trooper (Human Fighter)             Turns: 2272, Time: 00:02:16

Health: -2/36      AC: 17    Str: 18    XL:     4   Next: 61%
Magic:  13/13      EV:  9    Int:  9    God:
Gold:   105        SH:  4    Dex: 12    Spells: 3/3 levels left

rFire   + . .        a - +0 long sword (protect)
rCold   . . .        c - +0 buckler
rNeg    . . .        b - +0 scale mail
rPois   .            (no helmet)
rElec   .            (no cloak)
rCorr   .            o - +1 pair of gloves
SInv    .            i - +0 pair of boots
Will    .....        (no amulet) Stlth
                     h - ring of magical power
HPRegen 0.26/turn    m - ring of protection from fire
MPRegen 0.13/turn

%: no passive effects
@: weak-willed, under a protective aura
A: no striking features
a: no special abilities


You were on level 4 of the Dungeon.
You visited 1 branch of the dungeon, and saw 4 of its levels.

You collected 105 gold pieces.

Inventory:

Hand Weapons
 a - a +0 long sword of protection (weapon)
Armour
 b - a +0 scale mail (worn)
 c - a +0 buckler (worn)
 i - a +0 pair of boots (worn)
 o - a +1 pair of gloves (worn)
Jewellery
 h - a ring of magical power (left hand)
 m - a ring of protection from fire (right hand)
Scrolls
 e - 2 scrolls of identify {unknown}
 f - 2 scrolls of poison {unknown}
Potions
 d - a potion of might
 k - 2 potions of heal wounds {unknown}


   Skills:
 + Level 3.6 Fighting
 + Level 2.8 Long Blades
 + Level 3.6 Armour
 + Level 3.5 Shields


You had 3 spell levels left.
You didn't know any spells.
Your spell library contained the following spells:

 Spells                   Type           Power      Damage    Failure   Level
 Magic Dart               Conj           0%         1d3       85%         1
 Ensorcelled Hibernation  Hex/Ice        0%         N/A       94%         2
 Jinxbite                 Hex            0%         N/A       94%         2
 Searing Ray              Conj           0%         2d4       94%         2
 Anguish                  Hex/Necr       0%         N/A       100%        4
 Fulminant Prism          Conj/Hex       0%         3d5       100%        4


Dungeon Overview and Level Annotations

Branches:
Dungeon (4/15)
 Temple: D:4-7

Altars:

Shops:
D:3 (


Message History

No target in view!
No target in view!
There is a stone staircase leading up here.
As you read the scroll labelled KATHOSTR QAUX, it crumbles to dust.
It is a scroll of brand weapon.
Your +0 long sword projects an invisible shield of force!
a - a +0 long sword of protection (weapon)
As you read the scroll labelled UZICOM WOHOM, it crumbles to dust.
Magic quickly surges around you.
It was a scroll of vulnerability.
As you read the scroll labelled MEZOURIJUR, it crumbles to dust.
It is a scroll of enchant armour.
Your +0 pair of gloves glows green for a moment.
As you read the scroll labelled JUUMEA POTUU, it crumbles to dust.
You feel aware of your surroundings.
You sensed 3 shops/portals.
It was a scroll of revelation.
A kobold, an orc, an endoplasm and an iguana come into view.
The kobold shouts!
You hear an angry hiss.
You slash the kobold!
Your weapon exudes an aura of protection.
You kill the kobold!
The iguana attacks as it pursues you! The iguana bites you!
You hit the iguana but do no damage. You block the iguana's attack.
You closely miss the iguana. The iguana bites you. x2
You hit the iguana.
The iguana is moderately wounded.
You block the iguana's attack.
You barely miss the iguana.
The iguana is moderately wounded.
The iguana bites you but does no damage.
You hit the iguana but do no damage.
The iguana is moderately wounded.
The iguana bites you. The iguana bites you!
* * * LOW HITPOINT WARNING * * *
You hit the iguana.
The iguana is heavily wounded.
You block the iguana's attack.
You closely miss the iguana.
The iguana is heavily wounded.
The iguana bites you!
You die...

*,*,**,* *,*.##.############
*,,......##########
*******,,.##.#.##########
,,,,,,,,,..#.#.##########
********,#.#.#.##########
*,#.#.#.##########
*,#.#.#)##########
********,#.#..Jl@<.....##
,,,,,,,,,..###.#######.##*******
,******,,.o........##....,,,,,,*
,* *,,,,......l.......##*****,*
,****,*,,#####.#.......## *,*
,,,,,,*,,#####.#...######** *,*
,,*****,,......#.........,** *,*
,,*****,*#######.#######.,,***,*
,,,,,,,,,,,,,,*,,*,8,8,*,,,**,,*


You could see an iguana and an endoplasm.

Vanquished Creatures
  3 adders
  A dart slug (D:1)
  6 bats
  8 endoplasms
  4 giant cockroaches
  3 goblins
  2 hobgoblins
  A quokka (D:1)
  7 ball pythons
  2 frilled lizards
  9 kobolds
  A rat (D:2)
47 creatures vanquished.

Notes
Turn   | Place    | Note
-------+----------+-------------------------------------------
     0 | D:1      | Dittersdorf the Human Fighter began the quest for the Orb.
     0 | D:1      | Reached XP level 1. HP: 18/18 MP: 1/1
   103 | D:1      | Reached XP level 2. HP: 22/24 MP: 2/2
   565 | D:1      | Reached XP level 3. HP: 29/29 MP: 3/3
  1410 | D:2      | Reached XP level 4. HP: 10/35 MP: 4/4
  1824 | D:3      | Found a transporter.
  1831 | D:3      | Found Seluotec's Antique Weapon Boutique.
  1893 | D:3      | Found a transporter.
  2272 | D:4      | Slain by an iguana

Illustrated notes

Levels and vault maps discovered:
D:1:      tarquinn_simple_flora_water_a, layout_basic, serial_rivers,
          chequers_serial_rivers_micro_c, chequers_serial_rivers_room_b,
          chequers_serial_rivers_room_b, chequers_serial_rivers_large_a,
          chequers_serial_rivers_micro_d, glass_columns_a, corner_web_ring,
          minmay_misc_feat_tiny
D:2:      layout_loops_cross
D:3:      layout_rooms, serial_shops, nicolae_shop_drivethru,
          lightli_corner_chamber
D:4:      cheibrodos_quashed, layout_loops_ring,
          mainiacjoe_ossuary_entry_dusty_tomb, nicolae_alphabet_shops,
          uniq_edmund

Action                     |  1- 3 |  4- 6 || total
---------------------------+-------+-------++-------
  Melee: Long sword        |    84 |    53 ||   137
    Use: Scroll            |       |     4 ||     4
 Armour: Scale mail        |    66 |    41 ||   107
  Dodge: Dodged            |    36 |    30 ||    66
  Block: Buckler           |    16 |    26 ||    42

Table legend: (Time is in decaauts)
 A = Elapsed time spent in this place.
 B = Non-inter-level travel time spent in this place.
 C = Inter-level travel time spent in this place.
 D = Time resting spent in this place.
 E = Time spent auto-exploring this place.
 F = Levels seen in this place.
 G = Mean time per level.
                   A        B        C        D        E       F      G
               +--------+--------+--------+--------+--------+-----+--------+
         Total |   2339 |   2182 |    157 |     98 |   1715 |   4 |  584.8 |
       Dungeon |   2339 |   2182 |    157 |     98 |   1715 |   4 |  584.8 |
               +--------+--------+--------+--------+--------+-----+--------+

Top non-repeatable levels by time:
     D:1: 986 daAuts
     D:2: 691 daAuts
     D:3: 642 daAuts
     D:4: 20 daAuts
